AoeStats
← Kaiser Ze

Nomad

509259421Analyzed
4v4 RM · 6d ago on Sep 26, 2026· 47m 32s· 8 players
Game mode
Random Map
Map size
231×231
Population
200
Speed
Normal
Resources
Standard
Victory
Conquest
Starting age
Dark Age
Ending age
Imperial Age
RankedLock teamsTeams togetherTeam positionsShared explorationLock speedFull tech treeHidden civsTurbo modeCheats
Victory
Defeat
1419
+17
🇨🇳 Varangians · China
1392
+18
🇭🇰 Italians · Hong Kong SAR China
1381
+19
🇨🇳 Magyars · China
1356
+20
🇺🇸 Spanish · United States
1543
-23
🇺🇸 Bengalis · United States
1507
-21
🇺🇸 Varangians · United States
1473
-20
🇦🇺 Teutons · Australia
1231
-10
Thundernips, The Ultimate Gigolo
3:55 Loom
12:47 Feudal Age
13:17 Fishing Lines
13:26 Double-Bit Axe
16:54 Fletching
22:15 Castle Age
24:33 Wheelbarrow
31:30 Imperial Age
31:20 Horse Collar
32:33 Block Printing
32:28 Fervor
32:39 Sanctity
32:44 Illumination
32:54 Theocracy
36:30 Redemption
37:11 Town Watch
39:48 Pikeman
41:03 Squires
NUBSINC
7:00 Loom
13:16 Feudal Age
15:08 Fishing Lines
17:51 Castle Age
15:49 Double-Bit Axe
16:23 Horse Collar
19:40 Squires
23:49 Scale Mail Armor
23:59 Forging
27:00 Chain Mail Armor
27:42 Wheelbarrow
28:19 Iron Casting
29:40 Pikeman
33:51 Fletching
37:57 Husbandry
YOGRANNYCANTSCRAP
7:38 Loom
14:32 Feudal Age
15:07 Double-Bit Axe
20:46 Castle Age
19:13 Fletching
22:09 Medium Warships
27:05 Careening
35:01 Imperial Age
fxstriker
5:03 Loom
5:36 Loom
13:58 Feudal Age
17:27 Castle Age
18:10 Double-Bit Axe
19:17 Medium Warships
20:46 Town Watch
20:54 Gold Mining
27:09 Scale Barding Armor
27:14 Forging
26:51 Horse Collar
27:36 Bloodlines
31:09 Chain Barding Armor
31:25 Iron Casting
37:39 Imperial Age
39:01 Plate Barding Armor
39:26 Blast Furnace
37:59 Cavalier
39:27 Bow Saw
39:18 Heavy Plow
41:05 Onager
42:46 Fletching
47:02 Bodkin Arrow
47:50 Crenellations
拿捏木村
14:10 Feudal Age
17:53 Castle Age
16:29 Fishing Lines
17:09 Fletching
17:24 Double-Bit Axe
18:43 Bow Saw
18:30 Bodkin Arrow
19:19 Wheelbarrow
18:59 Medium Warships
18:46 Gold Mining
19:14 Town Watch
22:28 Loom
22:27 Horse Collar
22:57 Gillnets
23:31 Padded Archer Armor
25:23 Siphons
25:34 Clinker Construction
25:35 Town Patrol
26:51 Siphons
27:06 Careening
29:47 Hand Cart
30:59 Ballistics
34:35 Imperial Age
32:36 Stone Mining
34:13 Leather Archer Armor
34:39 Stone Shaft Mining
34:19 Treadmill Crane
35:18 Thumb Ring
35:59 Heavy Warships
35:53 Bracer
37:40 Conscription
38:38 Ring Archer Armor
39:09 Chemistry
40:03 Guilds
42:24 Elite Genoese Crossbowman
43:31 Squires
43:16 Arson
你可以打我队友吗
7:42 Loom
14:28 Feudal Age
19:02 Castle Age
17:33 Double-Bit Axe
17:57 Fishing Lines
19:24 Fletching
19:25 Horse Collar
19:46 Gillnets
21:05 Bow Saw
22:27 Medium Warships
26:10 Clinker Construction
27:49 Heavy Plow
29:22 Wheelbarrow
28:45 Gold Mining
28:45 Stone Mining
30:21 Town Watch
30:52 Hand Cart
33:55 Imperial Age
32:24 Gold Shaft Mining
32:32 Stone Shaft Mining
32:44 Scale Barding Armor
33:42 Bloodlines
33:32 Husbandry
34:37 Conscription
33:41 Cavalier
34:43 Chain Barding Armor
34:50 Bodkin Arrow
35:06 Forging
36:01 Chemistry
35:37 Crop Rotation
35:36 Savar
36:41 Carvel Hull
36:43 Ballistics
37:27 Plate Barding Armor
37:28 Iron Casting
38:57 Careening
40:10 Light Cavalry
40:42 Light Cavalry
43:26 Blast Furnace
44:44 Hussar
45:29 Bodkin Arrow
48:02 Coinage
47:43 Guilds
48:45 Two-Man Saw
Kaiser Ze
4:47 Loom
14:52 Feudal Age
20:17 Castle Age
21:29 Scale Barding Armor
21:52 Bloodlines
25:28 Chain Barding Armor
28:02 Wheelbarrow
27:56 Forging
29:30 Iron Casting
39:39 Hand Cart
42:15 Imperial Age
40:09 Husbandry
41:01 Light Cavalry
47:22 Double-Bit Axe
47:28 Gold Mining
47:29 Stone Mining
47:21 Horse Collar
st9901544
6:07 Loom
13:27 Feudal Age
17:19 Scale Barding Armor
25:35 Castle Age
23:59 Double-Bit Axe
26:28 Bloodlines
34:48 Gold Mining
34:49 Stone Mining
Connection lost

Rejoining the realm…

Still unreachable

The connection could not be restored.

Session expired

The server has moved on; the page needs a fresh start.